AoeStats
← [H A R D] est

Black Forest

508841248Analyzed
4v4 RM · 6d ago on Sep 24, 2026· 43m 34s· 8 players
Game mode
Random Map
Map size
Large (8 player)
Population
200
Speed
Normal
Resources
Standard
Victory
Conquest
Starting age
Dark Age
Ending age
Imperial Age
RankedLock teamsTeams togetherTeam positionsShared explorationLock speedFull tech treeHidden civsTurbo modeCheats
Victory
Defeat
🇨🇳 Magyars · China
1294
+12
🇯🇵 Malay · Japan
1204
+15
🇨🇳 Persians · China
1169
+17
🇨🇳 Burgundians · China
1125
+17
🇨🇭 Japanese · Switzerland
1208
-16
🇦🇺 Celts · Australia
1197
-16
🇨🇭 Ethiopians · Switzerland
1182
-15
🇫🇷 Persians · France
1159
-14
juju9292
4:49 Double-Bit Axe
7:54 Loom
9:15 Horse Collar
11:58 Fishing Lines
13:22 Wheelbarrow
14:57 Feudal Age
16:11 Gold Mining
16:15 Stone Mining
19:59 Castle Age
18:14 Bow Saw
18:17 Heavy Plow
19:38 Gillnets
20:50 Hand Cart
22:53 Two-Man Saw
25:14 Gold Shaft Mining
26:58 Crop Rotation
29:53 Caravan
33:00 Imperial Age
31:49 Stone Shaft Mining
31:35 Town Watch
35:40 Forging
35:35 Scale Barding Armor
38:05 Conscription
37:14 Cavalier
37:59 Husbandry
37:19 Light Cavalry
38:44 Paladin
40:23 Iron Casting
40:09 Chain Barding Armor
44:07 Blast Furnace
43:43 Plate Barding Armor
168kcal
0:35 Loom
10:52 Feudal Age
14:40 Castle Age
13:01 Horse Collar
13:31 Double-Bit Axe
14:08 Stone Mining
17:07 Bow Saw
22:25 Wheelbarrow
30:07 Imperial Age
27:57 Forging
27:16 Pikeman
27:42 Arson
28:30 Squires
28:30 Gold Mining
28:44 Heavy Plow
30:02 Iron Casting
29:40 Masonry
30:40 Hand Cart
30:11 Town Watch
29:49 Halberdier
31:18 Conscription
32:21 Crop Rotation
31:32 Elite Karambit Warrior
32:11 Fletching
33:22 Blast Furnace
32:38 Town Patrol
32:32 Capped Ram
35:26 Siege Engineers
🍌
1:03 Loom
14:11 Feudal Age
19:02 Castle Age
16:54 Double-Bit Axe
20:46 Bow Saw
22:20 Fishing Lines
27:27 Horse Collar
28:22 Gillnets
28:50 Scale Barding Armor
29:01 Fletching
29:40 Stone Mining
29:41 Gold Mining
33:59 Imperial Age
32:06 Wheelbarrow
31:41 Bodkin Arrow
32:11 Chain Barding Armor
31:59 Town Watch
32:29 Corvinian Army
33:03 Thumb Ring
33:41 Gold Shaft Mining
33:16 Heavy Plow
35:04 Bracer
35:04 Padded Archer Armor
36:10 Chemistry
35:38 Ballistics
35:40 Bloodlines
36:12 Conscription
36:18 Hand Cart
36:04 Town Patrol
36:45 Crop Rotation
36:15 Heavy Cavalry Archer
37:25 Leather Archer Armor
37:56 Parthian Tactics
37:57 Recurve Bow
38:36 Hoardings
38:53 Ring Archer Armor
38:35 Husbandry
40:27 Plate Barding Armor
39:14 Elite Magyar Huszar
43:39 Siege Engineers
孤鸿
11:39 Feudal Age
12:46 Loom
16:03 Castle Age
14:00 Double-Bit Axe
14:23 Horse Collar
17:30 Bow Saw
17:23 Heavy Plow
18:23 Wheelbarrow
24:21 Stone Mining
26:18 Stone Shaft Mining
25:34 Gold Mining
28:40 Hand Cart
32:22 Imperial Age
31:24 Scale Barding Armor
31:30 Forging
32:19 Gold Shaft Mining
32:38 Elite War Elephant
33:39 Conscription
33:41 Chain Barding Armor
33:57 Iron Casting
34:40 Crop Rotation
35:17 Two-Man Saw
34:30 Guilds
36:04 Plate Barding Armor
35:24 Fishing Lines
36:48 Hoardings
36:24 Citadels
37:16 Blast Furnace
36:08 Fletching
36:25 Devotion
37:53 Caravan
39:01 Faith
40:29 Masonry
41:22 Chemistry
42:01 Bodkin Arrow
43:38 Husbandry
43:48 Bloodlines
44:02 Ballistics
43:39 Murder Holes
44:21 Architecture
43:59 Padded Archer Armor
lucascroenne
0:38 Loom
10:57 Feudal Age
11:20 Horse Collar
12:23 Double-Bit Axe
18:08 Castle Age
17:07 Stone Mining
18:50 Heavy Plow
19:11 Bow Saw
19:50 Bow Saw
21:41 Wheelbarrow
24:21 Heavy Plow
24:31 Fishing Lines
25:10 Gold Mining
27:30 Town Watch
30:31 Imperial Age
29:14 Forging
29:10 Scale Barding Armor
[H A R D] est
12:03 Feudal Age
12:13 Loom
17:02 Castle Age
15:36 Double-Bit Axe
16:52 Fishing Lines
19:42 Bow Saw
21:28 Gillnets
23:43 Horse Collar
25:39 Gold Mining
25:42 Stone Mining
26:51 Heavy Plow
27:29 Wheelbarrow
27:35 Fletching
30:02 Town Watch
33:08 Imperial Age
30:54 Hand Cart
31:46 Bodkin Arrow
31:53 Guard Tower
32:24 Ballistics
32:11 Yasama
32:35 Pikeman
33:16 Squires
35:34 Chemistry
35:10 Keep
34:21 Arrowslits
34:17 Treadmill Crane
34:48 Masonry
34:42 Bracer
36:15 Two-Man Saw
35:55 Gold Shaft Mining
35:22 Town Patrol
36:01 Conscription
37:17 Kataparuto
38:04 Siege Engineers
39:06 Murder Holes
40:43 Fortified Wall
43:16 Crossbowman
44:01 Thumb Ring
altrnate15
11:51 Feudal Age
12:18 Double-Bit Axe
14:08 Wheelbarrow
15:54 Town Watch
20:11 Castle Age
19:02 Gold Mining
20:17 Fishing Lines
21:25 Bow Saw
22:11 Loom
22:56 Gillnets
26:25 Imperial Age
24:27 Stone Mining
26:06 Stone Shaft Mining
26:49 Hand Cart
26:30 Capped Ram
27:21 Siege Ram
[H A R D] wiealtesBROT
0:28 Loom
14:21 Feudal Age
20:29 Castle Age
18:54 Double-Bit Axe
18:51 Horse Collar
19:04 Stone Mining
20:04 Fishing Lines
21:29 Bow Saw
21:32 Heavy Plow
27:22 Wheelbarrow
26:54 Gold Mining
27:47 Fortified Wall
32:33 Imperial Age
31:30 Gold Shaft Mining
32:27 Hand Cart
33:00 Scale Mail Armor
33:11 Forging
34:26 Chemistry
33:35 Siege Engineers
34:23 Chain Mail Armor
35:18 Two-Man Saw
35:04 Town Watch
35:55 Iron Casting
34:44 Halberdier
35:25 Squires
35:11 Arson
35:59 Conscription
37:11 Plate Mail Armor
36:46 Torsion Engines
37:57 Blast Furnace
37:40 Coinage
Connection lost

Rejoining the realm…

Still unreachable

The connection could not be restored.

Session expired

The server has moved on; the page needs a fresh start.